 Dungeon Crawl Stone Soup version 0.29.0-4-gdea44cf6ec (webtiles) character file.

Game seed: 2955905014365285254

7804 qw the Grappler (level 11, 0/105 HPs)
             Began as a Troll Cinder Acolyte on Sept 2, 2022.
             Was a Follower of Ignis.
             Succumbed to a cane toad's poison
             ... on level 1 of the Lair of Beasts.
             The game lasted 00:04:43 (9442 turns).

qw the Grappler (Troll Cinder Acolyte)              Turns: 9442, Time: 00:04:44

Health: 0/105      AC: 17    Str: 28    XL:     11   Next: 1%
Magic:  11/11      EV:  9    Int: 10    God:    Ignis [*.....]
Gold:   26         SH:  0    Dex:  5    Spells: 12/12 levels left

rFire   + . .      SeeInvis .     - Unarmed
rCold   + . .      Faith    .   (no shield)
rNeg    . . .      Spirit   .   h - +1 robe {rC+}
rPois   .          Reflect  .   j - +1 hat
rElec   .          Harm     .   c - scarf {repulsion}
rCorr   .          Rampage  .   (gloves unavailable)
Will    +....                   (boots unavailable)
Stlth   +.........              (no amulet)
HPRegen 1.07/turn               o - +4 ring of protection
MPRegen 0.12/turn               (no ring)

@: lethally poisoned (0 -> -4), about to teleport, fiery-armoured, repel
missiles, very slow
A: large, unfitting armour, claws 3, regeneration 1, shaggy fur 1, tough skin 1,
horns 1, strong-willed 1, no potion heal 1
a: Renounce Religion, Fiery Armour, Foxfire Swarm, Rising Flame


You were on level 1 of the Lair of Beasts.
You worshipped Ignis.
Ignis was aware of your devotion.
You visited 2 branches of the dungeon, and saw 10 of its levels.

You collected 594 gold pieces.
You spent 568 gold pieces at shops.


Innate Abilities, Weirdness & Mutations

You are too large for most types of armour.
You have claws for hands.
Your natural rate of healing is unusually fast.
You are covered in fur. (AC +1)
You have tough skin. (AC +1)
You have a pair of small horns on your head.
You are strong-willed. (Will+)
Potions are less effective at restoring your health.


   Skills:
 - Level 6.0 Fighting
 + Level 5.0 Throwing
 - Level 3.0 Armour
 - Level 2.1 Dodging
 - Level 14.0 Unarmed Combat
 - Level 1.0 Spellcasting
 - Level 2.1 Fire Magic


You had 12 spell levels left.
You didn't know any spells.
Your spell library contained the following spells:

 Spells                   Type           Power      Damage    Failure   Level
 Scorch                   Fire           8%         2d5       22%         2

Inventory:

Missiles
 r - a large rock (quivered)
Armour
 b - a +1 cloak
 c - a scarf of repulsion (worn)
 h - a +1 robe of cold resistance (worn)
 j - a +1 hat (worn)
Jewellery
 o - a +4 ring of protection (left claw)
 q - a ring of ice
Scrolls
 a - 5 scrolls of teleportation
 f - a scroll of enchant weapon
 m - 2 scrolls of identify
Potions
 d - 8 potions of curing
 e - a potion of might
 i - 2 potions of cancellation

Dungeon Overview and Level Annotations

Branches:
Dungeon (9/15)             Temple (0/1) D:6            Lair (1/5) D:9
    Orc: D:9-12

Altars:
Kikubaaqudgha
Makhleb
Vehumet
Wu Jian
Yredelemnul

Shops:
D:6 (   D:8 *   D:9 !*[

Annotations:
D:3 1 runed translucent door, Crazy Yiuf
D:5 4 runed translucent doors, qw's ghost, novice TrCA
D:9 2 transporters, 1 runed translucent door, qw's ghost, novice TrCA


Message History

The bolt of electricity hits you.
You miss the electric eel. Your headbutt misses the electric eel.
The electric eel is severely wounded.
You miss the electric eel. Your headbutt misses the electric eel.
The electric eel is severely wounded.
The cane toad stings you but does no damage.
The cane toad is burned by your cloak of flames.
The cane toad is lightly wounded.
You scratch the electric eel.
The electric eel is severely wounded.
You miss the electric eel. Your headbutt misses the electric eel.
The electric eel is severely wounded.
The cane toad barely misses you.
You barely miss the electric eel. You headbutt the electric eel.
Your claw misses the electric eel.
The electric eel is almost dead.
The cane toad stings you!
You are poisoned.
The cane toad poisons you!
The electric eel shoots out a bolt of lightning at you!
The bolt of electricity hits you! The bolt of electricity hits you.
9440 ||| READING 6 scrolls of teleportation.
As you read the scroll of teleportation, it crumbles to dust.
You feel strangely unstable.
You feel very sick. The cane toad stings you!
The cane toad is burned by your cloak of flames.
The cane toad is lightly wounded.
The electric eel shoots out a bolt of lightning at you!
The bolt of electricity hits you! The bolt of electricity misses you.
The cane toad stings you but does no damage.
The cane toad is burned by your cloak of flames.
The cane toad is lightly wounded.
You miss the electric eel. Your headbutt misses the electric eel.
Your claw misses the electric eel.
The electric eel is almost dead.
You feel sick.
You completely miss the electric eel.
The electric eel is almost dead.
You die...

#####
..#####~#.##
......~~~.####
##..~~@~..P#
####.~~~~FS~.##
#.....~~~~~~.#
#....<.~~~~~...#
#......~~~~~...P#
#.##..~~~~~....##
#P #.~~~~~~..P.#
# #..~~~~~.#P.#
##.~~~......P


You could see a cane toad and an electric eel.

Vanquished Creatures
  2 two-headed ogres (D:9)
  Pikel (D:5)
  An elephant (D:9)
  Grinder (D:3)
  A wyvern (D:7)
  A wraith (D:9)
  4 yaks
  Eustachio (D:4)
  A basilisk (D:9)
  2 steam dragons (D:8)
  A water moccasin (D:8)
  Duvessa (D:4)
  3 orc warriors
  2 sky beasts
  An ice beast (D:4)
  3 black bears
  4 ogres
  2 lemures (D:5)
  A phantom (D:5)
  4 centaurs (D:6)
  2 kobold brigands
  A bullfrog (D:7)
  A gnoll sergeant (D:8)
  4 scorpions
  Dowan (D:4)
  17 killer bees
  5 howler monkeys
  A jelly (D:7)
  3 orc priests
  3 hounds
  2 gnoll boudas (D:6)
  An iguana (D:4)
  Jessica (D:2)
  Terence (D:3)
  6 orc wizards
  Robin (D:4)
  27 gnolls
  7 adders
  A shadow imp (D:7)
  A white imp (D:5)
  3 ufetubi
  5 dart slugs
  23 orcs
  7 bats
  11 endoplasms
  2 giant cockroaches
  11 goblins
  23 hobgoblins
  3 jackals (D:3)
  6 quokkas
  13 ball pythons
  3 frilled lizards
  18 kobolds
  11 rats
262 creatures vanquished.

Vanquished Creatures (others)
  A kobold brigand (D:8)
  3 kobolds (D:8)
  3 plants (D:6)
  4 withered plants
11 creatures vanquished.

Grand Total: 273 creatures vanquished

Notes
Turn   | Place    | Note
-------+----------+-------------------------------------------
     0 | D:1      | qw the Troll Cinder Acolyte began the quest for the Orb.
     0 | D:1      | Reached XP level 1. HP: 22/22 MP: 1/1
     0 | D:1      | 0 ||| qw: Version: 0.1-a-97-g2dd2ca4
     0 | D:1      | 0 ||| qw: Game counter: 5004
     0 | D:1      | 0 ||| qw: Always use a shield: true
     0 | D:1      | 0 ||| qw: God list: Okawaru
     0 | D:1      | 0 ||| qw: Allow faded altars: false
     0 | D:1      | 0 ||| qw: Do Orc after D:15 true
     0 | D:1      | 0 ||| qw: Do second Lair branch before Depths: true
     0 | D:1      | 0 ||| qw: Lair rune preference: random
     0 | D:1      | 0 ||| qw: Plans: Normal
     0 | D:1      | 0 ||| PLANNING D:1-11
    34 | D:1      | Found a faded altar of an unknown god.
   103 | D:1      | Reached XP level 2. HP: 27/29 MP: 2/2
   195 | D:1      | 195 ||| Stepping ~*~*~tactically~*~*~ (hiding).
   320 | D:1      | 320 ||| Stepping ~*~*~tactically~*~*~ (stealth).
   323 | D:1      | 323 ||| Stepping ~*~*~tactically~*~*~ (stealth).
   454 | D:1      | Reached skill level 4 in Unarmed Combat
   470 | D:1      | 470 ||| Stepping ~*~*~tactically~*~*~ (hiding).
   472 | D:1      | 472 ||| Stepping ~*~*~tactically~*~*~ (stealth).
   473 | D:1      | 473 ||| Stepping ~*~*~tactically~*~*~ (hiding).
   478 | D:1      | Reached XP level 3. HP: 36/36 MP: 3/3
   483 | D:1      | 483 ||| Stepping ~*~*~tactically~*~*~ (stealth).
  1072 | D:1      | 1072 ||| READING 2 scrolls labelled CAARAWNEXT.
  1073 | D:1      | 1073 ||| READING scroll labelled DARPHI DAQUNUSY.
  1074 | D:1      | 1074 ||| READING scroll labelled PUILEA HAUS.
  1079 | D:1      | 1079 ||| DROPPING scroll of vulnerability.
  1257 | D:2      | 1257 ||| Stepping ~*~*~tactically~*~*~ (outnumbered).
  1258 | D:2      | 1258 ||| Stepping ~*~*~tactically~*~*~ (outnumbered).
  1275 | D:2      | 1275 ||| Stepping ~*~*~tactically~*~*~ (stealth).
  1309 | D:2      | Reached skill level 5 in Unarmed Combat
  1309 | D:2      | Reached XP level 4. HP: 44/44 MP: 4/4
  1455 | D:2      | 1455 ||| FLEEEEING.
  1456 | D:2      | 1456 ||| FLEEEEING.
  1571 | D:2      | 1571 ||| INVOKING Fiery Armour.
  1572 | D:2      | Noticed Jessica
  1585 | D:2      | Killed Jessica
  1586 | D:2      | Reached XP level 5. HP: 38/50 MP: 5/5
  1799 | D:2      | 1799 ||| DROPPING orb of mayhem.
  1800 | D:2      | 1800 ||| READING scroll labelled XAIKHL DANE.
  1801 | D:2      | 1801 ||| READING 2 scrolls labelled DIOSHR GAJIFO.
  1802 | D:2      | 1802 ||| READING 2 scrolls labelled NUL ARAOSIUNI.
  1803 | D:2      | 1803 ||| READING scroll labelled RUC IPUNEIM.
  1804 | D:2      | 1804 ||| DRINKING 2 golden potions.
  1805 | D:2      | 1805 ||| DRINKING 2 coppery potions.
  1806 | D:2      | 1806 ||| DROPPING potion of attraction.
  1807 | D:2      | 1807 ||| DROPPING scroll of fear.
  1808 | D:2      | 1808 ||| Stepping randomly (stuck).
  1809 | D:2      | 1809 ||| Stepping ~*~*~tactically~*~*~ (cloud).
  1900 | D:3      | Reached skill level 6 in Unarmed Combat
  2060 | D:3      | 2060 ||| INVOKING Fiery Armour.
  2067 | D:3      | 2067 ||| Stepping ~*~*~tactically~*~*~ (outnumbered).
  2157 | D:3      | Found a runed translucent door.
  2158 | D:3      | Noticed Crazy Yiuf
  2223 | D:3      | Noticed Terence
  2225 | D:3      | Killed Terence
  2226 | D:3      | Reached XP level 6. HP: 59/59 MP: 6/6
  2409 | D:3      | Noticed Grinder
  2410 | D:3      | Reached skill level 1 in Throwing
  2418 | D:3      | 2418 ||| Stepping ~*~*~tactically~*~*~ (hiding).
  2419 | D:3      | 2419 ||| Stepping ~*~*~tactically~*~*~ (hiding).
  2420 | D:3      | 2420 ||| Stepping ~*~*~tactically~*~*~ (hiding).
  2431 | D:3      | Killed Grinder
  2432 | D:3      | Reached skill level 7 in Unarmed Combat
  2455 | D:3      | 2455 ||| Stepping ~*~*~tactically~*~*~ (stealth).
  2457 | D:3      | 2457 ||| Stepping ~*~*~tactically~*~*~ (stealth).
  2615 | D:3      | 2615 ||| UPGRADING to +0 cloak.
  2620 | D:3      | 2620 ||| READING scroll of enchant armour.
  2620 | D:3      | 2620 ||| ENCHANTING +0 cloak.
  2621 | D:3      | 2621 ||| READING scroll labelled EPEASCHAR FYASI.
  2622 | D:3      | 2622 ||| READING scroll labelled LEHIETTEODYA.
  2623 | D:3      | 2623 ||| DRINKING 2 cyan potions.
  2624 | D:3      | 2624 ||| DRINKING 2 smoky black potions.
  2624 | D:3      | Gained mutation: You are occasionally teleported next to
                  | monsters. [potion of mutation]
  2624 | D:3      | Gained mutation: Armour fits poorly on your strangely
                  | shaped body. [potion of mutation]
  2624 | D:3      | Lost mutation: Armour fits poorly on your strangely shaped
                  | body. [potion of mutation]
  2625 | D:3      | 2625 ||| DRINKING potion of mutation.
  2625 | D:3      | Lost mutation: You are occasionally teleported next to
                  | monsters. [potion of mutation]
  2625 | D:3      | Gained mutation: You have a pair of small horns on your
                  | head. [potion of mutation]
  2625 | D:3      | Gained mutation: Potions are less effective at restoring
                  | your health. [potion of mutation]
  2625 | D:3      | Gained mutation: You are strong-willed. (Will+) [potion of
                  | mutation]
  2656 | D:4      | Noticed Duvessa
  2657 | D:4      | 2657 ||| STAIRDANCE
  2722 | D:4      | 2722 ||| STAIRDANCE
  2785 | D:4      | 2785 ||| STAIRDANCE
  2852 | D:4      | 2852 ||| STAIRDANCE
  2856 | D:3      | Reached XP level 7. HP: 45/66 MP: 7/7
  2939 | D:4      | 2939 ||| STAIRDANCE
  3013 | D:4      | Noticed Dowan
  3014 | D:4      | 3014 ||| STAIRDANCE
  3092 | D:4      | 3092 ||| STAIRDANCE
  3160 | D:4      | 3160 ||| STAIRDANCE
  3242 | D:4      | 3242 ||| STAIRDANCE
  3317 | D:4      | 3317 ||| STAIRDANCE
  3379 | D:4      | 3379 ||| STAIRDANCE
  3452 | D:4      | 3452 ||| INVOKING Fiery Armour.
  3453 | D:4      | Killed Dowan
  3459 | D:4      | Killed Duvessa
  3460 | D:4      | 3460 ||| STAIRDANCE
  3557 | D:4      | 3557 ||| Stepping ~*~*~tactically~*~*~ (stealth).
  3558 | D:4      | Noticed Robin
  3559 | D:4      | 3559 ||| Stepping ~*~*~tactically~*~*~ (hiding).
  3561 | D:4      | 3561 ||| Stepping ~*~*~tactically~*~*~ (hiding).
  3564 | D:4      | 3564 ||| INVOKING Fiery Armour.
  3565 | D:4      | 3565 ||| Stepping ~*~*~tactically~*~*~ (outnumbered).
  3566 | D:4      | 3566 ||| Stepping ~*~*~tactically~*~*~ (hiding).
  3568 | D:4      | 3568 ||| Stepping ~*~*~tactically~*~*~ (outnumbered).
  3570 | D:4      | Killed Robin
  3572 | D:4      | 3572 ||| Stepping ~*~*~tactically~*~*~ (outnumbered).
  3573 | D:4      | 3573 ||| Stepping ~*~*~tactically~*~*~ (hiding).
  3574 | D:4      | 3574 ||| Stepping ~*~*~tactically~*~*~ (outnumbered).
  3575 | D:4      | 3575 ||| Stepping ~*~*~tactically~*~*~ (hiding).
  3577 | D:4      | 3577 ||| Stepping ~*~*~tactically~*~*~ (hiding).
  3581 | D:4      | 3581 ||| Stepping ~*~*~tactically~*~*~ (outnumbered).
  3755 | D:4      | Noticed Eustachio
  3759 | D:4      | 3759 ||| INVOKING Fiery Armour.
  3763 | D:4      | 3763 ||| Stepping ~*~*~tactically~*~*~ (hiding).
  3765 | D:4      | 3765 ||| Stepping ~*~*~tactically~*~*~ (hiding).
  3767 | D:4      | 3767 ||| Stepping ~*~*~tactically~*~*~ (outnumbered).
  3775 | D:4      | Killed Eustachio
  3776 | D:4      | Reached skill level 8 in Unarmed Combat
  3806 | D:4      | 3806 ||| Stepping ~*~*~tactically~*~*~ (stealth).
  3972 | D:4      | 3972 ||| Stepping ~*~*~tactically~*~*~ (stealth).
  4433 | D:4      | 4433 ||| UPGRADING to +1 hat.
  4438 | D:4      | 4438 ||| READING scroll labelled XOUR WOXABBUA.
  4439 | D:4      | 4439 ||| READING scroll labelled SEXECEYSUE.
  4456 | D:5      | Entered Level 5 of the Dungeon
  4457 | D:5      | 4457 ||| PLANNING OSSUARY
  4460 | D:5      | 4460 ||| STAIRDANCE
  4477 | D:5      | 4477 ||| STAIRDANCE
  4480 | D:4      | Reached skill level 3 in Fighting
  4486 | D:5      | Found a runed translucent gate.
  4486 | D:5      | Found a runed translucent gate.
  4486 | D:5      | Found a runed translucent gate.
  4486 | D:5      | Noticed qw's ghost (novice TrCA)
  4488 | D:5      | Reached XP level 8. HP: 70/75 MP: 8/8
  4495 | D:5      | 4495 ||| Stepping ~*~*~tactically~*~*~ (outnumbered).
  4496 | D:5      | 4496 ||| Stepping ~*~*~tactically~*~*~ (outnumbered).
  4497 | D:5      | 4497 ||| Stepping ~*~*~tactically~*~*~ (outnumbered).
  4549 | D:5      | 4549 ||| Stepping ~*~*~tactically~*~*~ (hiding).
  4554 | D:5      | Reached skill level 3 in Throwing
  4658 | D:5      | You fall into a shaft and drop 2 floors!
  4709 | D:7      | Found an ornate altar of the Wu Jian Council.
  4710 | D:7      | Found a basalt altar of Yredelemnul.
  4771 | D:7      | 4771 ||| Stepping ~*~*~tactically~*~*~ (stealth).
  4792 | D:7      | 4792 ||| Stepping ~*~*~tactically~*~*~ (stealth).
  4794 | D:7      | Reached skill level 9 in Unarmed Combat
  4925 | D:7      | Reached skill level 10 in Unarmed Combat
  4946 | D:7      | 4946 ||| READING 2 scrolls labelled XESIRO YHAA.
  5047 | D:7      | 5047 ||| DROPPING scroll of silence.
  5085 | D:5      | 5085 ||| RIP OSSUARY
  5086 | D:5      | 5086 ||| PLANNING D:1-11
  5106 | D:5      | 5106 ||| Stepping ~*~*~tactically~*~*~ (stealth).
  5565 | D:5      | Noticed Pikel
  5566 | D:5      | 5566 ||| Stepping ~*~*~tactically~*~*~ (stealth).
  5567 | D:5      | 5567 ||| Stepping ~*~*~tactically~*~*~ (stealth).
  5569 | D:5      | 5569 ||| Stepping ~*~*~tactically~*~*~ (outnumbered).
  5570 | D:5      | 5570 ||| Stepping ~*~*~tactically~*~*~ (outnumbered).
  5571 | D:5      | 5571 ||| Stepping ~*~*~tactically~*~*~ (outnumbered).
  5572 | D:5      | 5572 ||| Stepping ~*~*~tactically~*~*~ (outnumbered).
  5575 | D:5      | 5575 ||| Stepping ~*~*~tactically~*~*~ (outnumbered).
  5576 | D:5      | 5576 ||| Stepping ~*~*~tactically~*~*~ (outnumbered).
  5582 | D:5      | 5582 ||| INVOKING Fiery Armour.
  5592 | D:5      | Killed Pikel
  5593 | D:5      | Reached skill level 11 in Unarmed Combat
  5593 | D:5      | Reached XP level 9. HP: 26/84 MP: 9/9
  5702 | D:5      | Found a runed translucent door.
  5913 | D:5      | 5913 ||| DROPPING +1 cloak.
  5914 | D:5      | 5914 ||| UPGRADING to +4 ring of protection.
  5925 | D:6      | 5925 ||| STAIRDANCE
  5989 | D:6      | 5989 ||| Stepping ~*~*~tactically~*~*~ (stealth).
  5990 | D:6      | 5990 ||| Stepping ~*~*~tactically~*~*~ (stealth).
  5991 | D:6      | 5991 ||| INVOKING Fiery Armour.
  5993 | D:6      | 5993 ||| Stepping ~*~*~tactically~*~*~ (hiding).
  6009 | D:6      | 6009 ||| Stepping ~*~*~tactically~*~*~ (hiding).
  6009 | D:6      | Found a staircase to the Ecumenical Temple.
  6057 | D:6      | 6057 ||| Stepping ~*~*~tactically~*~*~ (outnumbered).
  6127 | D:6      | Reached skill level 12 in Unarmed Combat
  6145 | D:6      | 6145 ||| Stepping ~*~*~tactically~*~*~ (stealth).
  6146 | D:6      | 6146 ||| Stepping ~*~*~tactically~*~*~ (stealth).
  6148 | D:6      | Found a radiant altar of Vehumet.
  6494 | D:6      | 6494 ||| INVOKING Fiery Armour.
  6496 | D:6      | 6496 ||| Stepping ~*~*~tactically~*~*~ (outnumbered).
  6497 | D:6      | 6497 ||| Stepping ~*~*~tactically~*~*~ (outnumbered).
  6498 | D:6      | 6498 ||| Stepping ~*~*~tactically~*~*~ (outnumbered).
  6504 | D:6      | 6504 ||| Stepping ~*~*~tactically~*~*~ (outnumbered).
  6509 | D:6      | 6509 ||| Stepping ~*~*~tactically~*~*~ (outnumbered).
  6510 | D:6      | 6510 ||| Stepping ~*~*~tactically~*~*~ (outnumbered).
  6511 | D:6      | 6511 ||| Stepping ~*~*~tactically~*~*~ (outnumbered).
  6512 | D:6      | 6512 ||| Stepping ~*~*~tactically~*~*~ (outnumbered).
  6516 | D:6      | HP: 21/88 [ogre/+0 giant club (17)]
  6517 | D:6      | 6517 ||| READING scroll of teleportation.
  6518 | D:6      | 6518 ||| DRINKING potion of heal wounds.
  6598 | D:6      | 6598 ||| Stepping ~*~*~tactically~*~*~ (outnumbered).
  6599 | D:6      | 6599 ||| Stepping ~*~*~tactically~*~*~ (outnumbered).
  6600 | D:6      | 6600 ||| Stepping ~*~*~tactically~*~*~ (outnumbered).
  6601 | D:6      | 6601 ||| Stepping ~*~*~tactically~*~*~ (outnumbered).
  6602 | D:6      | 6602 ||| Stepping ~*~*~tactically~*~*~ (outnumbered).
  6603 | D:6      | 6603 ||| Stepping ~*~*~tactically~*~*~ (outnumbered).
  6604 | D:6      | 6604 ||| Stepping ~*~*~tactically~*~*~ (outnumbered).
  6605 | D:6      | 6605 ||| Stepping ~*~*~tactically~*~*~ (outnumbered).
  6606 | D:6      | 6606 ||| Stepping ~*~*~tactically~*~*~ (outnumbered).
  6607 | D:6      | 6607 ||| Stepping ~*~*~tactically~*~*~ (outnumbered).
  6630 | D:6      | Identified the +2 leather armour "Emnook" {Int+2}
  6748 | D:6      | Found Obyithri's Antique Weapon Emporium.
  6893 | D:6      | 6893 ||| UPGRADING to +1 robe of cold resistance.
  6903 | D:6      | 6903 ||| DROPPING +0 robe.
  6904 | D:6      | 6904 ||| DRINKING 2 fizzy brown potions.
  6905 | D:6      | 6905 ||| READING 3 scrolls of identify.
  6905 | D:6      | 6905 ||| IDENTIFYING glowing purple potion
  6906 | D:6      | 6906 ||| READING 2 scrolls of identify.
  6906 | D:6      | 6906 ||| IDENTIFYING emerald potion
  6907 | D:6      | 6907 ||| DROPPING potion of ambrosia.
  6908 | D:6      | 6908 ||| DROPPING potion of invisibility.
  6993 | D:7      | Reached XP level 10. HP: 96/96 MP: 10/10
  7111 | D:7      | Found an ancient bone altar of Kikubaaqudgha.
  7479 | D:7      | 7479 ||| Stepping ~*~*~tactically~*~*~ (hiding).
  7480 | D:7      | 7480 ||| Stepping ~*~*~tactically~*~*~ (hiding).
  7491 | D:7      | 7491 ||| Stepping ~*~*~tactically~*~*~ (stealth).
  7493 | D:7      | 7493 ||| Stepping ~*~*~tactically~*~*~ (stealth).
  7498 | D:7      | 7498 ||| Stepping ~*~*~tactically~*~*~ (stealth).
  7518 | D:7      | 7518 ||| Stepping ~*~*~tactically~*~*~ (stealth).
  7554 | D:7      | 7554 ||| DRINKING 2 fizzy red potions.
  7555 | D:7      | 7555 ||| READING 2 scrolls of identify.
  7555 | D:7      | 7555 ||| IDENTIFYING yellow potion
  7556 | D:7      | 7556 ||| DROPPING potion of flight.
  7618 | D:8      | 7618 ||| INVOKING Fiery Armour.
  7620 | D:8      | 7620 ||| Stepping ~*~*~tactically~*~*~ (outnumbered).
  7685 | D:8      | Found Peocs's General Store.
  7694 | D:8      | 7694 ||| BUYING scroll of teleportation (42 gold).
  7694 | D:8      | Bought a scroll of teleportation for 42 gold pieces
  7746 | D:8      | 7746 ||| Stepping ~*~*~tactically~*~*~ (outnumbered).
  7747 | D:8      | 7747 ||| Stepping ~*~*~tactically~*~*~ (outnumbered).
  7748 | D:8      | 7748 ||| Stepping ~*~*~tactically~*~*~ (outnumbered).
  7749 | D:8      | 7749 ||| Stepping ~*~*~tactically~*~*~ (outnumbered).
  7750 | D:8      | 7750 ||| Stepping ~*~*~tactically~*~*~ (outnumbered).
  7751 | D:8      | 7751 ||| Stepping ~*~*~tactically~*~*~ (outnumbered).
  7752 | D:8      | 7752 ||| Stepping ~*~*~tactically~*~*~ (outnumbered).
  7754 | D:8      | 7754 ||| Stepping ~*~*~tactically~*~*~ (outnumbered).
  7815 | D:8      | 7815 ||| Stepping ~*~*~tactically~*~*~ (stealth).
  7821 | D:8      | 7821 ||| Stepping ~*~*~tactically~*~*~ (hiding).
  7825 | D:8      | 7825 ||| Stepping ~*~*~tactically~*~*~ (outnumbered).
  7826 | D:8      | 7826 ||| Stepping ~*~*~tactically~*~*~ (outnumbered).
  7837 | D:8      | Reached skill level 13 in Unarmed Combat
  8258 | D:8      | 8258 ||| READING scroll labelled GEADILEMEL.
  8302 | D:8      | 8302 ||| READING 2 scrolls labelled DACSOA QIGYUDO.
  8303 | D:8      | 8303 ||| DRINKING 2 fuming purple potions.
  8304 | D:8      | 8304 ||| READING 2 scrolls of identify.
  8304 | D:8      | 8304 ||| IDENTIFYING fizzy amethyst potion
  8305 | D:8      | 8305 ||| DROPPING potion of magic.
  8306 | D:8      | 8306 ||| DROPPING potion of brilliance.
  8331 | D:9      | 8331 ||| Stepping ~*~*~tactically~*~*~ (hiding).
  8332 | D:9      | 8332 ||| Stepping ~*~*~tactically~*~*~ (outnumbered).
  8333 | D:9      | 8333 ||| Stepping ~*~*~tactically~*~*~ (hiding).
  8334 | D:9      | 8334 ||| Stepping ~*~*~tactically~*~*~ (outnumbered).
  8336 | D:9      | 8336 ||| Stepping ~*~*~tactically~*~*~ (hiding).
  8344 | D:9      | 8344 ||| Stepping ~*~*~tactically~*~*~ (outnumbered).
  8404 | D:9      | 8404 ||| Stepping ~*~*~tactically~*~*~ (hiding).
  8442 | D:9      | Noticed a two-headed ogre
  8443 | D:9      | 8443 ||| Stepping ~*~*~tactically~*~*~ (stealth).
  8446 | D:9      | 8446 ||| Stepping ~*~*~tactically~*~*~ (outnumbered).
  8447 | D:9      | 8447 ||| Stepping ~*~*~tactically~*~*~ (outnumbered).
  8452 | D:9      | Killed a two-headed ogre
  8453 | D:9      | Reached skill level 3 in Armour
  8453 | D:9      | 8453 ||| FLEEEEING.
  8454 | D:9      | 8454 ||| FLEEEEING.
  8455 | D:9      | 8455 ||| FLEEEEING.
  8456 | D:9      | 8456 ||| FLEEEEING.
  8457 | D:9      | 8457 ||| FLEEEEING.
  8458 | D:9      | 8458 ||| FLEEEEING.
  8459 | D:9      | 8459 ||| FLEEEEING.
  8460 | D:9      | 8460 ||| FLEEEEING.
  8461 | D:9      | 8461 ||| FLEEEEING.
  8462 | D:9      | 8462 ||| FLEEEEING.
  8463 | D:9      | 8463 ||| FLEEEEING.
  8464 | D:9      | 8464 ||| FLEEEEING.
  8465 | D:9      | 8465 ||| FLEEEEING.
  8466 | D:9      | 8466 ||| FLEEEEING.
  8467 | D:9      | 8467 ||| FLEEEEING.
  8468 | D:9      | 8468 ||| FLEEEEING.
  8469 | D:9      | 8469 ||| FLEEEEING.
  8470 | D:9      | 8470 ||| FLEEEEING.
  8471 | D:9      | 8471 ||| FLEEEEING.
  8608 | D:9      | Found Geigafae's Armour Boutique.
  8624 | D:9      | Found Zipteven's Assorted Antiques.
  8627 | D:9      | 8627 ||| BUYING embroidered scarf (240 gold).
  8627 | D:9      | Bought an embroidered scarf for 240 gold pieces
  8627 | D:9      | 8627 ||| BUYING scroll of teleportation (90 gold).
  8627 | D:9      | Bought a scroll of teleportation for 90 gold pieces
  8676 | D:9      | 8676 ||| Stepping ~*~*~tactically~*~*~ (stealth).
  8694 | D:9      | Found Ypestiz's Distillery.
  8702 | D:9      | 8702 ||| SHOPLISTING 2 potions of haste (280 gold, have
                  | 222).
  8702 | D:9      | 8702 ||| BUYING potion of cancellation (112 gold).
  8702 | D:9      | Bought a potion of cancellation for 112 gold pieces
  8702 | D:9      | 8702 ||| BUYING potion of curing (42 gold).
  8702 | D:9      | Bought a potion of curing for 42 gold pieces
  8702 | D:9      | 8702 ||| BUYING potion of curing (42 gold).
  8702 | D:9      | Bought a potion of curing for 42 gold pieces
  8702 | D:9      | 8702 ||| SHOPLISTING potion of might (56 gold, have 26).
  8728 | D:9      | Noticed a white ugly thing
  8728 | D:9      | Noticed qw's ghost (novice TrCA)
  8737 | D:9      | Found a transporter.
  8745 | D:9      | Found a transporter.
  8771 | D:9      | Noticed a harpy
  8775 | D:9      | Noticed a two-headed ogre
  8781 | D:9      | Killed a two-headed ogre
  8793 | D:9      | a harpy changed into a meliai
  8879 | D:9      | Reached skill level 14 in Unarmed Combat
  9024 | D:9      | Found a staircase to the Lair.
  9024 | D:9      | Noticed an elephant
  9025 | D:9      | 9025 ||| Stepping ~*~*~tactically~*~*~ (hiding).
  9026 | D:9      | 9026 ||| Stepping ~*~*~tactically~*~*~ (hiding).
  9034 | D:9      | 9034 ||| Stepping ~*~*~tactically~*~*~ (outnumbered).
  9041 | D:9      | 9041 ||| FLEEEEING.
  9045 | D:9      | 9045 ||| Stepping ~*~*~tactically~*~*~ (outnumbered).
  9048 | D:9      | Killed an elephant
  9097 | D:9      | Found a runed translucent door.
  9201 | D:9      | Found a burning altar of Makhleb.
  9201 | D:9      | Noticed a sixfirhy
  9211 | D:9      | 9211 ||| Stepping ~*~*~tactically~*~*~ (stealth).
  9214 | D:9      | 9214 ||| Stepping ~*~*~tactically~*~*~ (stealth).
  9218 | D:9      | Reached XP level 11. HP: 105/105 MP: 11/11
  9219 | D:9      | 9219 ||| Stepping ~*~*~tactically~*~*~ (stealth).
  9221 | D:9      | 9221 ||| Stepping ~*~*~tactically~*~*~ (stealth).
  9224 | D:9      | 9224 ||| Stepping ~*~*~tactically~*~*~ (outnumbered).
  9234 | D:9      | Reached skill level 6 in Fighting
  9365 | D:9      | 9365 ||| PLANNING LAIR
  9365 | D:9      | 9365 ||| UPGRADING to scarf of repulsion.
  9375 | D:9      | 9375 ||| READING scroll labelled QYAPSE EDOITH.
  9376 | D:9      | 9376 ||| READING 3 scrolls of identify.
  9376 | D:9      | 9376 ||| IDENTIFYING sapphire potion
  9377 | D:9      | 9377 ||| DROPPING potion of lignification.
  9428 | Lair:1   | Entered Level 1 of the Lair of Beasts
  9432 | Lair:1   | 9432 ||| INVOKING Fiery Armour.
  9439 | Lair:1   | HP: 23/105 [electric eel/bolt of electricity (9)]
  9440 | Lair:1   | 9440 ||| READING 6 scrolls of teleportation.
  9440 | Lair:1   | HP: 3/105 [electric eel/bolt of electricity (10)]
  9441 | Lair:1   | HP: 1/105 [poisoned by a cane toad]
  9442 | Lair:1   | Succumbed to a cane toad's poison

Levels and vault maps discovered:
D:1:      amcnicky_arrival_wind_blow, layout_loops_corners,
          ebering_ecumenical_altar_petrified, minmay_pentomino_w4
D:2:      layout_loops_ring, st_stairs_3, uniq_jessica
D:3:      layout_basic, uniq_terence, uniq_crazy_yiuf_cottage, uniq_grinder
D:4:      layout_basic, serial_rivers, chequers_serial_rivers_micro_d,
          chequers_serial_rivers_micro_b, chequers_serial_rivers_room_b,
          chequers_serial_rivers_micro_d, hex_large, uniq_duvessa,
          uniq_eustachio, uniq_robin
D:5:      layout_gridville, biasface_ghost_orc_armoury, enter_ossuary_5,
          lightli_church_of_beogh, uniq_pikel
D:6:      kennysheep_housing_project, layout_rooms,
          mainiacjoe_overflow_boulevard, minmay_temple_entry_sparse_star,
          serial_shops, nicolae_shop_crystal, grunt_decor_mini_mirrors
D:7:      layout_loops_corners, kiku_gazebo_garden_becter,
          gammafunk_temple_overflow_pools, kennysheep_decorative_pillar,
          kennysheep_generic_room_16
D:8:      layout_basic, serial_shops, shop_fountains
D:9:      layout_stronghold, nzn_makhleb_speed_demon, david_lair_generic,
          gammafunk_ghost_arena, serial_shops, kennysheep_mini_moat, shop, shop
Lair:1:   layout_loops_ring, fungi_pond_lemuel, beast_lair_carwin_8,
          infiniplex_staircase_pool, uniq_joseph

Skill      XL: |  1  2  3  4  5  6  7  8  9 10 11 |
---------------+----------------------------------+-----
Unarmed Combat | 4 5 6 7 8 11 12 14 | 14.0
Throwing       | 1 2 3 4 5 |  5.0
Fighting       | 3 4 5 6 |  6.0
Dodging        | 2 |  2.1
Armour         | 3 |  3.0
Spellcasting   | |  1.0
Fire Magic     | |  2.1

Action                   |  1- 3 |  4- 6 |  7- 9 | 10-12 || total
-------------------------+-------+-------+-------+-------++-------
Melee: Unarmed           |   114 |    83 |   248 |   163 ||   608
       Punch             |     1 |     3 |     9 |     6 ||    19
       Headbutt          |       |       |    29 |    14 ||    43
Throw: Large rock        |       |    11 |    30 |    10 ||    51
       Boomerang         |       |       |     6 |       ||     6
Invok: Fiery Armour      |       |     2 |     6 |     2 ||    10
  Use: Scroll            |     3 |     7 |     6 |     7 ||    23
       Potion            |       |     5 |     2 |     2 ||     9
Armor: Robe              |    42 |    27 |   149 |    75 ||   293
Dodge: Dodged            |    38 |    27 |   136 |    66 ||   267

Table legend:
 A = Non-vault XP
 B = Vault XP
 C = Vault XP percentage of total XP
 D = Non-vault monster count
 E = Vault monster count
 F = Vault count percentage of total count
                 A         B        C        D         E       F
            +---------+---------+-------+---------+---------+-------
      Total |    7426 |    3723 |  33.4 |     198 |      63 |  24.1
            +---------+---------+-------+---------+---------+-------
        D:1 |      67 |       9 |  11.8 |      31 |       5 |  13.9
        D:2 |     107 |      42 |  28.2 |      21 |       4 |  16.0
        D:3 |     201 |     313 |  60.9 |      33 |       2 |   5.7
        D:4 |     217 |     441 |  67.0 |      15 |      15 |  50.0
        D:5 |     534 |     663 |  55.4 |      18 |       1 |   5.3
        D:6 |    1087 |    1063 |  49.4 |      19 |      30 |  61.2
        D:7 |    1099 |     217 |  16.5 |       9 |       2 |  18.2
        D:8 |    1115 |       0 |   0.0 |      18 |       0 |   0.0
        D:9 |    2999 |     975 |  24.5 |      34 |       4 |  10.5
            +---------+---------+-------+---------+---------+-------
